 Dungeon Crawl Stone Soup version 0.32-a0-699-g1ee5eff69a (webtiles) character file.

Game seed: 3024773149464452144

608 BeKind the Chiller (level 7, -7/41 HPs)
             Began as an Octopode Ice Elementalist on Mar 13, 2024.
             Was a Follower of Qazlal.
             Mangled by a wight
             ... wielding a +0 glaive
              (20 damage)
             ... on level 4 of the Dungeon.
             The game lasted 00:09:21 (3499 turns).

BeKind the Chiller (Octopode Ice Elementalist)      Turns: 3499, Time: 00:09:21

Health: -7/41      AC:  1    Str:  8    XL:     7   Next: 43%
Magic:  6/12       EV: 13    Int: 19    God:    Qazlal [*.....]
Gold:   205        SH:  1    Dex: 12    Spells: 6/13 levels left

rFire   + . .        k - staff of cold
rCold   + . .        (no shield)
rNeg    . . .        (helmet restricted)
rPois   .            (no amulet)
rElec   .            j - ring of protection from fire
rCorr   .            (no ring)
SInv    .            (no ring)
Will    .....        (no ring)
Stlth   +++          (no ring)
HPRegen 0.26/turn    (no ring)
MPRegen 0.13/turn    (no ring)
                     (no ring)

%: no passive effects
@: very slightly contaminated
A: almost no armour, amphibious, 8 rings, camouflage 1, gelatinous body 1,
(nimble swimmer 1), tentacles
a: Renounce Religion


You were on level 4 of the Dungeon.
You worshipped Qazlal.
Qazlal was aware of your devotion.
You visited 1 branch of the dungeon, and saw 4 of its levels.
You also visited: Sewer.

You collected 205 gold pieces.

Inventory:

Hand Weapons
 b - a +0 dagger
 d - a +2 vampiric dagger
 e - a +1 dagger of speed
 l - the +5 Lochaber axe {reach-cleave, Poleaxe ^Drain}
   (You found it on level 3 of the Dungeon)

   Poleaxe:   It uses either Axes or Polearms skill, whichever is higher.
   ^Drain:    It drains your maximum health when unequipped.
Magical Staves
 k - a staff of cold (weapon)
Jewellery
 j - a ring of protection from fire (left tentacle)
 w - a ring of poison resistance
Scrolls
 c - a scroll of acquirement
 g - a scroll of poison {unknown}
 o - a scroll of fog {unknown}
 q - a scroll of enchant weapon {unknown}
 r - 3 scrolls of revelation {unknown}
 s - 3 scrolls of teleportation {unknown}
 t - a scroll of fear {unknown}
 u - a scroll of silence {unknown}
Potions
 a - 3 potions of magic
 f - a potion of invisibility {unknown}
 h - a potion of enlightenment {unknown}
 i - a potion of berserk rage {unknown}
 m - a potion of mutation {unknown}
 n - a potion of ambrosia {unknown}
 p - a potion of curing {unknown}
 v - a potion of haste {unknown}


   Skills:
 - Level 1.0 Short Blades
 - Level 4.1 Staves
 + Level 4.0 Dodging
 - Level 3.0 Stealth
 + Level 3.7 Spellcasting
 * Level 0.0 Summonings
 + Level 5.4 Ice Magic


You had 6 spell levels left.
You knew the following spells:

 Your Spells              Type           Power      Damage    Failure   Level
a - Freeze                Ice            100%       1d10      1%          1
b - Frozen Ramparts       Ice            72%        1d11      4%          3
c - Summon Ice Beast      Ice/Summ       20%        N/A       14%         3

Your spell library contained the following spells:

 Spells                   Type           Power      Damage    Failure   Level
 Ozocubu's Armour         Ice            36%        N/A       4%          3
 Scorch                   Fire           6%         2d5       22%         2
 Flame Wave               Conj/Fire      3%         2d5       80%         4
 Summon Cactus Giant      Summ           1%         N/A       100%        6


Dungeon Overview and Level Annotations

Branches:
Dungeon (4/15)              Sewer (visited)
 Temple: D:4-7

Altars:
Qazlal
Xom

Shops:
D:1 (


Innate Abilities, Weirdness & Mutations

You cannot wear most types of armour.
You are amphibious.
You can wear up to eight rings at the same time.
Your skin changes colour to match your surroundings (Stealth+).
Your rubbery body absorbs attacks. (AC +1, EV +1)
((You are camouflaged when in or above water. (Stealth+)))
You have tentacles for arms and can constrict up to eight enemies at once.


Message History

The wight is severely damaged.
You constrict the wight.
The wight hits your ice beast with a +0 glaive!
The wight barely misses you.
Your ice beast hits the wight but does no damage.
You hit the wight but do no damage.
The wight is almost destroyed.
You constrict the wight.
You destroy the wight!
Qazlal accepts your kill.
The wight hits your ice beast with a +0 glaive!
Your ice beast dies!
Your ice beast disappears in a puff of smoke!
Your Staves skill increases to level 4!
Your Dodging skill increases to level 4!
A wight is nearby!
A wight is nearby!
A wight is nearby!
The wight barely misses you.
Things that are here:
a +0 morningstar; a +0 robe A wight comes into view.
It is wielding a +0 scimitar.
You block the wight's attack.
The wight moves out of view.
You hit the wight but do no damage. Your grab misses the wight.
The wight hits you with a +0 glaive!
You are too injured to fight recklessly!
Casting: Summon Ice Beast (dangerous; 14% risk of failure)
Confirm with . or Enter, or press ? or * to list all spells.
You feel a surge of power!
You miscast Summon Ice Beast.
You are very lightly contaminated with residual magic.
Nothing appears to happen.
The wight barely misses you.
Unknown command.
The wight misses you.
Things that are here:
a +0 morningstar; a +0 robe The wight attacks as it pursues you!
The wight hits you from afar with a +0 glaive!
The wight attacks as it pursues you!
The wight hits you from afar with a +0 glaive!!
You die...

#####.~.~~~~.........
.............♣.........
........~...≈~♣.......
........~≈~~zz.≈.>#####
........z....##........
.............##).......
.............##z........
.............##.........
...........##@........
..........##.........
..........##.........
(.....†...##.........
......)...#.........#
....................#
+#########....###.#.#
#.....# .# ## #.....#


You could see a wight.

Vanquished Creatures
  A kobold brigand (Sewer)
  A brain worm (Sewer)
  A scorpion (D:4)
  A wight (D:4)
  A sleepcap (D:4)
  4 river rats (Sewer)
  5 adders
  3 gnolls (D:3)
  A ribbon worm (D:2)
  A dart slug (D:1)
  2 endoplasms (D:2)
  2 giant cockroaches
  5 goblins
  4 hobgoblins
  7 jackals
  9 kobolds
  3 quokkas
  8 ball pythons
  4 bats
  5 frilled lizards
  6 rats
74 creatures vanquished.

Vanquished Creatures (collateral kills)
  A kobold brigand (Sewer)
  A brain worm (Sewer)
  A river rat (Sewer)
  An adder (D:4)
  A kobold (D:4)
  A rat (Sewer)
6 creatures vanquished.

Grand Total: 80 creatures vanquished

Notes
Turn   | Place    | Note
-------+----------+-------------------------------------------
     0 | D:1      | BeKind the Octopode Ice Elementalist began the quest for
                  | the Orb.
     0 | D:1      | Reached XP level 1. HP: 11/11 MP: 3/3
   240 | D:1      | Reached XP level 2. HP: 14/17 MP: 0/5
   519 | D:1      | Found Ulathique's Antique Weapon Boutique.
   907 | D:2      | Reached XP level 3. HP: 17/21 MP: 6/6
  1078 | D:2      | Found a faded altar of an unknown god.
  1335 | D:2      | Reached skill level 1 in Short Blades
  1467 | D:2      | Learned a level 3 spell: Frozen Ramparts
  1563 | D:3      | Found a shimmering altar of Xom.
  1569 | D:3      | Found a stormy altar of Qazlal.
  1585 | D:3      | Became a worshipper of Qazlal Stormbringer
  1659 | D:3      | Found the +5 Lochaber axe {reach-cleave, Poleaxe ^Drain}
  1694 | D:3      | Reached XP level 4. HP: 12/27 MP: 5/7
  1807 | D:3      | Identified a scroll of acquirement
  2015 | D:3      | Reached skill level 1 in Staves
  2039 | D:3      | Found a glowing drain.
  2052 | Sewer    | Entered a sewer
  2149 | Sewer    | Reached XP level 5. HP: 31/31 MP: 9/9
  2243 | Sewer    | Noticed a kobold brigand
  2246 | Sewer    | Reached * piety under Qazlal
  2251 | Sewer    | Killed a kobold brigand
  2352 | Sewer    | Learned a level 3 spell: Summon Ice Beast
  2392 | Sewer    | Reached XP level 6. HP: 23/36 MP: 3/10
  2414 | Sewer    | Reached skill level 5 in Ice Magic
  2770 | Sewer    | Reached XP level 7. HP: 31/41 MP: 8/12
  3499 | D:4      | Mangled by a wight

Illustrated notes

Levels and vault maps discovered:
D:1:      spicycebolla_arrival_xxxplode, layout_basic, serial_shops, shop,
          minmay_tetromino_t2
D:2:      layout_basic, ebering_ecumenical_altar_box
D:3:      layout_basic, grunt_temple_overflow_open,
          cheibrodos_sewer_entry_drain, amcnicky_mini_rare_corridor_liquid,
          hangedman_glass_teeth
D:4:      layout_basic, serial_aquarium, aquarium_bridge_long_separate
          [aquarium_subvault_wall, aquarium_subvault_bridge,
          aquarium_subvault_bridge, aquarium_subvault_bridge,
          aquarium_subvault_balcony, aquarium_subvault_wall], aquarium_window_2,
          aquarium_window_fake, aquarium_view_2c, aquarium_view_2a,
          aquarium_pool_four, chequers_serial_rivers_micro_b,
          chequers_serial_rivers_marsh

Skill      XL: |  1  2  3  4  5  6  7 |
---------------+----------------------+-----
Stealth        | 3 |  3.0
Short Blades   | 1 |  1.0
Staves         | 1 2 3 4 |  4.1
Dodging        | 3 4 |  4.0
Spellcasting   | 3 |  3.7
Ice Magic      | 5 |  5.4

Action                     |  1- 3 |  4- 6 |  7- 9 || total
---------------------------+-------+-------+-------++-------
  Melee: Unarmed           |     2 |       |       ||     2
         Dagger            |    29 |       |       ||    29
         Constrict         |    11 |    23 |     5 ||    39
         Tentacles         |     6 |    26 |     4 ||    36
         Staff             |    16 |    64 |    16 ||    96
   Cast: Freeze            |    25 |    13 |     1 ||    39
         Frozen Ramparts   |       |     4 |     1 ||     5
         Summon Ice Beast  |       |     4 |     2 ||     6
    Use: Scroll            |       |     1 |       ||     1
   Stab: Sleeping          |    10 |     4 |       ||    14
 Armour: Skin              |    32 |    23 |    11 ||    66
  Dodge: Dodged            |    31 |    26 |    17 ||    74
  Block: Other             |       |     1 |     1 ||     2

Table legend: (Time is in decaauts)
 A = Elapsed time spent in this place.
 B = Non-inter-level travel time spent in this place.
 C = Inter-level travel time spent in this place.
 D = Time resting spent in this place.
 E = Time spent auto-exploring this place.
 F = Levels seen in this place.
 G = Mean time per level.
                   A        B        C        D        E       F      G
               +--------+--------+--------+--------+--------+-----+--------+
         Total |   3498 |   3260 |    238 |      0 |   2668 |   5 |  699.6 |
       Dungeon |   2546 |   2308 |    238 |      0 |   1928 |   4 |  636.5 |
         Sewer |    952 |    952 |      0 |      0 |    740 |   1 |  952.0 |
               +--------+--------+--------+--------+--------+-----+--------+

Top non-repeatable levels by time:
   Sewer: 952 daAuts
     D:3: 850 daAuts
     D:1: 828 daAuts
     D:2: 632 daAuts
     D:4: 235 daAuts
